 Dungeon Crawl Stone Soup version 0.24-a0-388-gb57f36d6e0 (webtiles) character file.

Game seed: 16071025870456434154

151 D1HalberdGnoll the Skirmisher (level 5, -1/53 HPs)
             Began as an Ogre Arcane Marksman on June 4, 2019.
             Slain by a bullfrog zombie (4 damage)
             ... on level 3 of the Dungeon.
             The game lasted 00:03:09 (3634 turns).

D1HalberdGnoll the Skirmisher (OgAM)                Turns: 3634, Time: 00:03:10

Health: -1/53      AC:  3    Str: 19    XL:     5   Next: 33%
Magic:  9/9        EV: 10    Int: 19    God:
Gold:   153        SH:  0    Dex: 10    Spells: 8/9 levels left

rFire    . . .     SeeInvis .   e - +0 spear
rCold    . . .     Gourm    .   (no shield)
rNeg     . . .     Faith    .   a - +0 robe
rPois    .         Spirit   .   (helmet restricted)
rElec    .         Reflect  .   (no cloak)
rCorr    .         Harm     .   (gloves unavailable)
MR       .....                  (boots unavailable)
Stlth    +.........             (no amulet)
HPRegen  0.17/turn              (no ring)
MPRegen  0.11/turn              (no ring)

@: mighty, brilliant, flying, hasted, very quick
A: large, unfitting armour, tough skin 1
a: no special abilities


You were on level 3 of the Dungeon.
You were not hungry.

You visited 1 branch of the dungeon, and saw 3 of its levels.

You collected 153 gold pieces.

Inventory:

Hand Weapons
 e - a +0 spear (weapon)
Missiles
 c - 2 large rocks (quivered)
 o - a throwing net
Armour
 a - a +0 robe (worn)
Wands
 m - a wand of flame (23)
Scrolls
 b - a scroll of magic mapping {unknown}
 d - a scroll of remove curse {unknown}
 g - a scroll of teleportation {unknown}
 i - a scroll of fog {unknown}
 k - 6 scrolls of identify {unknown}
 n - 2 scrolls of enchant armour {unknown}
 p - a scroll of blinking {unknown}
 s - 2 scrolls of amnesia {unknown}
 u - a scroll of immolation {unknown}
Potions
 j - a potion of brilliance
Comestibles
 f - 3 rations


   Skills:
 + Level 3.4 Fighting
 + Level 3.1 Throwing
 + Level 2.8 Dodging
 + Level 2.9 Spellcasting
 - Level 2.6 Hexes


You had 8 spell levels left.
You knew the following spells:

 Your Spells              Type           Power        Failure   Level  Hunger
a - Corona                Hex            ###....      1%          1    None

Your spell library contained the following spells:

 Spells                   Type           Power        Failure   Level  Hunger
 Flame Tongue             Conj/Fire      ##...        1%          1    None
 Slow                     Hex            ###.....     1%          2    ##.....
 Throw Flame              Conj/Fire      ##....       3%          2    ##.....
 Inner Flame              Hex/Fire       ###.....     3%          3    ###....
 Portal Projectile        Hex/Tloc       ###...       3%          3    ###....
 Conjure Flame            Conj/Fire      ##......     5%          3    ###....
 Cause Fear               Hex            ###.......   6%          4    ####...
 Leda's Liquefaction      Hex/Erth       ###.......   10%         4    ####...
 Sticky Flame             Conj/Fire      ##......     16%         4    ####...
 Fireball                 Conj/Fire      ##........   38%         5    ######.


Dungeon Overview and Level Annotations

Branches:
Dungeon (3/15)

Altars:
Fedhas
Kikubaaqudgha
Ru


Innate Abilities, Weirdness & Mutations

You are too large for most types of armour.
You have tough skin. (AC +1)


Message History

You feel clever all of a sudden. The bullfrog zombie misses you.
It was a potion of magic.
Magic courses through your body.
The bullfrog zombie hits you but does no damage.
Throwing (i - inventory. (/) - cycle)
c - 2 large rocks (quivered)
Press: ? - help, Shift-Dir - straight line, f/p - leopard gecko
Aim: a leopard gecko (clinging)
Okay, then.
It was a potion of flight.
You feel very buoyant.
You fly up into the air.
The bullfrog zombie completely misses you.
The bullfrog zombie hits you.
* * * LOW HITPOINT WARNING * * *
It was a potion of might.
You feel very mighty all of a sudden. The bullfrog zombie closely misses you.
It was a potion of haste.
You feel yourself speed up. The bullfrog zombie hits you.
You die...

##'###.# #.# #.# ##.....###..#
##....[.###.# #.# #.#........#
##......#...# #.# #..........#
##..........# #.# ###.########
.#..........# #.# #.#
.##.###.....# #.# #.#
............# #.# #.#
.##.####....# #.# #.# ..#.#
#....# #@# #.# #.#.####....# #Z#
#.# #.#.........# #l# #.#
#.#..###########.# #.########
#.#.............$# #......)..
#...#######........[###########.#
....................+ ...#... #.#
##..#######.........####.#.##.#.#
...># +.........+.........#.#


You could see a bullfrog zombie and a leopard gecko.

Vanquished Creatures
  Jessica (D:2)
  Robin (D:2)
  3 adders
  A shadow imp (D:2)
  2 worms
  3 dart slugs
  5 leopard geckos
  2 ball pythons
  4 giant cockroaches
  12 goblins
  7 hobgoblins
  4 bats
  6 frilled lizards
  6 kobolds
  8 rats
65 creatures vanquished.

Notes
Turn   | Place    | Note
-------+----------+-------------------------------------------
     0 | D:1      | D1HalberdGnoll the Ogre Arcane Marksman began the quest for
                  | the Orb.
     0 | D:1      | Reached XP level 1. HP: 19/19 MP: 2/2
   377 | D:1      | Reached XP level 2. HP: 21/28 MP: 2/4
   831 | D:1      | Reached XP level 3. HP: 25/35 MP: 5/5
  1263 | D:2      | Noticed Robin
  1282 | D:2      | Killed Robin
  1687 | D:2      | Reached XP level 4. HP: 44/44 MP: 7/7
  1741 | D:2      | Found a blossoming altar of Fedhas.
  1810 | D:2      | Found a blossoming altar of Fedhas.
  2123 | D:2      | Noticed Jessica
  2134 | D:2      | Killed Jessica
  2879 | D:3      | Reached XP level 5. HP: 53/53 MP: 9/9
  2974 | D:3      | Found an ancient bone altar of Kikubaaqudgha.
  3478 | D:3      | Found a sacrificial altar of Ru.
  3632 | D:3      | HP: 2/53 [bullfrog zombie (4)]
  3634 | D:3      | Slain by a bullfrog zombie

Levels and vault maps discovered:
D:1:      minmay_arrival_up_and_down, layout_loops_cross, st_stairs_12
D:2:      layout_basic, lemuel_crystal_altar, hangedman_decor_growths,
          fedhas_altar_4, uniq_robin, uniq_jessica
D:3:      layout_basic, kiku_gazebo_garden_becter, lemuel_round_altar

Skill      XL: |  1  2  3  4 |
---------------+-------------+-----
Dodging        | 2 |  2.8
Fighting       | 2 3 |  3.4
Spellcasting   | 2 |  2.9
Throwing       | 3 |  3.1
Hexes          | |  2.6

Action                   |  1- 3 |  4- 6 || total
-------------------------+-------+-------++-------
Melee: Spear             |   128 |   134 ||   262
       Unarmed           |    11 |       ||    11
Throw: Large rock        |     5 |     8 ||    13
       Throwing net      |     2 |       ||     2
  Use: Potion            |       |     5 ||     5
 Stab: Sleeping          |     1 |     2 ||     3
  Eat: Chunk             |     3 |     6 ||     9
Armor: Robe              |    30 |    23 ||    53
Dodge: Dodged            |    66 |    73 ||   139

Table legend:
 A = Non-vault XP
 B = Vault XP
 C = Vault XP percentage of total XP
 D = Non-vault monster count
 E = Vault monster count
 F = Vault count percentage of total count
                 A         B        C        D         E       F
            +---------+---------+-------+---------+---------+-------
      Total |     146 |      70 |  32.4 |      54 |      11 |  16.9
            +---------+---------+-------+---------+---------+-------
        D:1 |      44 |       6 |  12.0 |      27 |       3 |  10.0
        D:2 |      43 |      64 |  59.8 |      11 |       8 |  42.1
        D:3 |      59 |       0 |   0.0 |      16 |       0 |   0.0
            +---------+---------+-------+---------+---------+-------
